 Dungeon Crawl Stone Soup version 0.28-a0-1143-gcf6077d4cc (webtiles) character file.

Game seed: 16864773376582201170

265 Nato the Ruffian (level 5, -1/53 HPs)
             Began as a Troll Berserker on Dec 14, 2021.
             Was a Believer of Trog.
             Slain by a killer bee (4 damage)
             ... on level 4 of the Dungeon.
             The game lasted 00:07:03 (1457 turns).

Nato the Ruffian (Troll Berserker)                  Turns: 1457, Time: 00:07:04

Health: -1/53      AC:  4    Str: 27    XL:     5   Next: 99%
Magic:  4/4        EV: 10    Int:  3    God:    Trog [**....]
Gold:   141        SH:  0    Dex:  9    Spells: 4/4 levels left

rFire   . . .      SeeInvis .     - Unarmed
rCold   . . .      Faith    .   (no shield)
rNeg    . . .      Spirit   .   a - +0 animal skin
rPois   .          Reflect  .   (helmet restricted)
rElec   .          Harm     .   (no cloak)
rCorr   .          Rampage  .   (gloves unavailable)
Will    .....                   (boots unavailable)
Stlth   +.........              (no amulet)
HPRegen 0.97/turn               (no ring)
MPRegen 0.09/turn               (no ring)

@: lethally poisoned (-1 -> -3)
A: large, unfitting armour, claws 3, regeneration 1, shaggy fur 1, tough skin 1
a: Renounce Religion, Berserk, Trog's Hand


You were on level 4 of the Dungeon.
You worshipped Trog.
Trog was pleased with you.
You visited 1 branch of the dungeon, and saw 4 of its levels.

You collected 141 gold pieces.

Inventory:

Armour
 a - a +0 animal skin (worn)
Scrolls
 b - a scroll of vulnerability {unknown}
 c - a scroll of noise {unknown}
 g - a scroll of immolation {unknown}
 h - a scroll of blinking {unknown}
 i - a scroll of enchant weapon {unknown}
 j - 2 scrolls of teleportation {unknown}
 k - a scroll of amnesia {unknown}
Potions
 d - a potion of degeneration {unknown}
 e - 2 potions of berserk rage {unknown}
 f - a potion of curing {unknown}


   Skills:
 + Level 3.0 Fighting
 + Level 3.5 Dodging
 + Level 0.3 Stealth
 + Level 5.3 Unarmed Combat


You had 4 spell levels left.
You didn't know any spells.
Your spell library contained the following spells:

 Spells                   Type           Power      Damage    Failure   Level
 Sandblast                Erth           0%         2d4       52%         1
 Slow                     Hex            0%         N/A       52%         1
 Sting                    Tmut/Pois      0%         1d3       52%         1


Dungeon Overview and Level Annotations

Branches:
Dungeon (4/15)
 Temple: D:4-7

Altars:

Annotations:
D:3 Sigmund


Innate Abilities, Weirdness & Mutations

You are too large for most types of armour.
You have claws for hands.
Your natural rate of healing is unusually fast.
You are covered in fur. (AC +1)
You have tough skin. (AC +1)


Message History

The endoplasm quivers.
The endoplasm freezes you.
You are frozen.
You claw the endoplasm!
You kill the endoplasm!
Trog accepts your kill.
A killer bee comes into view.
The killer bee buzzes angrily.
There is an open door here.
The killer bee misses you. The killer bee stings you!
You are poisoned.
The killer bee poisons you!
You barely miss the killer bee.
You feel sick. The killer bee stings you. x2
You claw the killer bee!
The killer bee is heavily wounded.
You feel sick.
The killer bee stings you but does no damage.
The killer bee stings you.
You miss the killer bee.
The killer bee is heavily wounded.
You feel sick.
The killer bee stings you but does no damage.
The killer bee completely misses you.
You miss the killer bee.
The killer bee is heavily wounded.
You feel sick.
The killer bee stings you but does no damage.
You closely miss the killer bee.
The killer bee is heavily wounded.
The killer bee closely misses you. The killer bee stings you!
* * * LOW HITPOINT WARNING * * *
You are more poisoned.
The killer bee poisons you!
You feel very sick. The killer bee barely misses you.
The killer bee stings you.
* * * LOW HITPOINT WARNING * * *
* * * LOW HITPOINT WARNING * * *
You feel very sick. The killer bee stings you.
You die...

###......#
#...#...#...#
.........+
#####...#####
#......#
#####...#
#......#
#.#.....#
#.#....#
#.#....##
#....###.#.####
#....'......#
#...y###.#..#
#....@...#..#
##########..#
...........#
##########.# .#
.# ##


You could see a killer bee.

Vanquished Creatures
  An ogre (D:4)
  2 howler monkeys
  A hound (D:4)
  An adder (D:2)
  An adder skeleton (D:4)
  A worm (D:2)
  3 dart slugs
  An orc (D:2)
  5 bats
  6 endoplasms
  A giant cockroach (D:2)
  5 goblins
  2 hobgoblins
  5 kobolds
  8 ball pythons
  7 frilled lizards
  5 rats
55 creatures vanquished.

Notes
Turn   | Place    | Note
-------+----------+-------------------------------------------
     0 | D:1      | Nato the Troll Berserker began the quest for the Orb.
     0 | D:1      | Reached XP level 1. HP: 22/22 MP: 0/0
    66 | D:1      | Got Culiaroi's Introduction to Witchcraft
    93 | D:1      | Reached XP level 2. HP: 26/29 MP: 1/1
   639 | D:2      | Reached ** piety under Trog
   655 | D:2      | Reached XP level 3. HP: 36/36 MP: 2/2
  1269 | D:3      | Found a faded altar of an unknown god.
  1269 | D:3      | Noticed Sigmund
  1270 | D:3      | Noticed a golden eye
  1284 | D:3      | Reached skill level 4 in Unarmed Combat
  1284 | D:3      | Reached XP level 4. HP: 40/44 MP: 3/3
  1389 | D:4      | Noticed an ogre
  1407 | D:4      | Killed an ogre
  1408 | D:4      | Reached XP level 5. HP: 26/53 MP: 4/4
  1411 | D:4      | Reached skill level 5 in Unarmed Combat
  1457 | D:4      | Slain by a killer bee

Illustrated notes

Levels and vault maps discovered:
D:1:      wander_arrival_estate, layout_loops_cross, minmay_lizard_pond
D:2:      layout_basic
D:3:      layout_loops_cross, hellmonk_ecumenical_altar_watching_god,
          serial_bayou_pond_a, uniq_sigmund
D:4:      layout_basic, nicolae_elevator_lobby_plus, uniq_natasha

Skill      XL: |  1  2  3  4  5 |
---------------+----------------+-----
Dodging        | 3 |  3.5
Unarmed Combat | 4 5 |  5.3
Fighting       | 3 |  3.0
Stealth        | |  0.3

Action                   |  1- 3 |  4- 6 || total
-------------------------+-------+-------++-------
Melee: Unarmed           |   135 |    35 ||   170
Armor: Animal skin       |    32 |     7 ||    39
Dodge: Dodged            |    65 |    19 ||    84

Table legend: (Time is in decaauts)
 A = Elapsed time spent in this place.
 B = Non-inter-level travel time spent in this place.
 C = Inter-level travel time spent in this place.
 D = Time resting spent in this place.
 E = Time spent auto-exploring this place.
 F = Levels seen in this place.
 G = Mean time per level.
                   A        B        C        D        E       F      G
               +--------+--------+--------+--------+--------+-----+--------+
         Total |   1444 |   1302 |    142 |     41 |    841 |   4 |  361.0 |
       Dungeon |   1444 |   1302 |    142 |     41 |    841 |   4 |  361.0 |
               +--------+--------+--------+--------+--------+-----+--------+

Top non-repeatable levels by time:
     D:1: 620 daAuts
     D:2: 608 daAuts
     D:4: 152 daAuts
     D:3: 62 daAuts
